 Dungeon Crawl Stone Soup version 0.28-a0-425-gd0eccab798 (webtiles) character file.

Game seed: 15119656354551118371

270 siradein the Ruffian (level 6, 51/51 HPs)
             Began as a Ghoul Monk on Sept 10, 2021.
             Was an Initiate of Ru.
             Quit the game on level 2 of the Dungeon.
             The game lasted 00:07:41 (3351 turns).

siradein the Ruffian (Ghoul Monk)                   Turns: 3351, Time: 00:07:41

Health: 51/51      AC:  5    Str: 16    XL:     6   Next: 22%
Magic:  5/5        EV:  9    Int:  9    God:    Ru [......]
Gold:   212        SH: 11    Dex: 12    Spells: 5/5 levels left

rFire   . . .      SeeInvis .     - Unarmed
rCold   + + .      Faith    .   e - +0 kite shield
rNeg    + + +      Spirit   .   h - +2 leather armour of Purpose {Contam +Inv rC+ Int+4}
rPois   ∞          Reflect  +   (no helmet)
rElec   .          Harm     .   (no cloak)
rCorr   .          Rampage  .   (no gloves)
Will    .....                   (no boots)
Stlth   ++........              a - amulet of reflection
HPRegen 0.17/turn               (no ring)
MPRegen 0.09/turn               (no ring)

@: no status effects
A: claws 1, cold resistance 1, negative energy resistance 3, inhibited
regeneration, torment resistance 2
a: Renounce Religion, Evoke Invisibility


You were on level 2 of the Dungeon.
You worshipped Ru.
Ru was noncommittal.
You visited 1 branch of the dungeon, and saw 4 of its levels.

You collected 212 gold pieces.

Inventory:

Armour
 e - a +0 kite shield (worn)
 h - the +2 leather armour of Purpose (worn) {Contam +Inv rC+ Int+4}
   (You found it on level 4 of the Dungeon)

   Int:       It affects your intelligence (+4).
   rC:        It protects you from cold.
   +Inv:      It lets you turn invisible.
   Contam:    It causes magical contamination when unequipped.
Magical Staves
 f - a staff of poison
Jewellery
 a - an amulet of reflection (around neck)
Scrolls
 g - 2 scrolls of immolation {unknown}
 k - 3 scrolls of amnesia
Potions
 b - a potion of attraction
 d - 3 potions of curing
 i - a potion of might {unknown}


   Skills:
 - Level 3.2 Fighting
 - Level 2.6 Dodging
 - Level 2.1 Stealth
 + Level 7.4 Unarmed Combat


You had 5 spell levels left.
You didn't know any spells.
Your spell library contained the following spells:

 Spells                   Type           Power      Damage    Failure   Level
 Dazzling Flash           Conj/Hex       0%         N/A       100%        3
 Agony                    Necr           0%         N/A       100%        5
 Fireball                 Conj/Fire      0%         3d3       100%        5
 Silence                  Hex/Air        0%         N/A       100%        5
 Starburst                Conj/Fire      0%         6d3       100%        6
 Ignition                 Fire           0%         3d3       100%        8


Dungeon Overview and Level Annotations

Branches:
Dungeon (4/15)
 Temple: D:4-7

Altars:
Ru

Shops:
D:1 =   D:3 :

Annotations:
D:3 2 transporters


Innate Abilities, Weirdness & Mutations

You thrive by killing the living.
You are immune to poison.
You have sharp fingernails.
Your flesh is cold resistant. (rC+)
You are immune to negative energy. (rN+++)
You do not regenerate when monsters are visible.
You are immune to unholy pain and torment.


Message History

You claw the hobgoblin!
You kill the hobgoblin!
You feel better.
No target in view!
No target in view!
No target in view!
No target in view!
You now have 212 gold pieces (gained 7).
An ogre comes into view. It is wielding a +0 giant spiked club.
You see here the +2 leather armour of Purpose {Contam +Inv rC+ Int+4}.
Really wear the +2 leather armour of Purpose {Contam +Inv rC+ Int+4}?
You start removing your armour.
You continue taking off your +0 ring mail. x4
You finish taking off your +0 ring mail.
You start putting on your armour.
You continue putting on the +2 leather armour of Purpose {Contam +Inv rC+ Int+4}. x5
You finish putting on the +2 leather armour of Purpose {Contam +Inv rC+ Int+4}.
You feel clever.
You feel a build-up of mutagenic energy.
Drop what? 10/52 slots (_ for help) (? for menu, Esc to quit)
You drop a +0 ring mail.
(D) Dungeon
Where to? (Enter - D:4, ? - help) (R) Ru Go to which altar? (? - help)
There is a stone staircase leading up here.
You climb upwards.
Level annotation: 2 transporters
There is a stone staircase leading down here.
There is a stone staircase leading up here.
You climb upwards.
There is a stone staircase leading down here.
There is a sacrificial altar of Ru here.
Unknown command.
Press < or > to pray at altars.
You kneel at the altar of Ru.
Ru welcomes you!
Done exploring.
Done exploring.
Are you sure you want to abandon this character and quit the game? (Confirm with "yes".)

.###....##.#.#####.#
.........#.#.# #.#
######.#.#.#.# #.#
.......#...#.#####.#
######.#.###.##....##
#.#.....##.##..#
#...#####......#
#...# #......#
######...# ##..@...#
.........# #......##
.......>.# ##......#
.........# #..####.#
..)...#..###.#####.#
......#............#
......#.############
......#.# ......#.#


There were no monsters in sight!

Vanquished Creatures
  A gnoll sergeant (D:3)
  A centaur skeleton (D:4)
  3 gnolls (D:3)
  5 adders
  4 worms
  6 dart slugs
  An orc (D:4)
  11 endoplasms
  4 giant cockroaches
  10 goblins
  7 hobgoblins
  2 quokkas (D:3)
  A ball python (D:2)
  10 bats
  5 frilled lizards
  9 kobolds
  7 rats
87 creatures vanquished.

Notes
Turn   | Place    | Note
-------+----------+-------------------------------------------
     0 | D:1      | siradein the Ghoul Monk began the quest for the Orb.
     0 | D:1      | Reached XP level 1. HP: 19/19 MP: 0/0
   212 | D:1      | Reached XP level 2. HP: 26/26 MP: 1/1
   297 | D:1      | Found Uhuqam's Jewellery Emporium.
   312 | D:1      | Reached skill level 4 in Unarmed Combat
   562 | D:1      | Reached XP level 3. HP: 31/31 MP: 2/2
  1144 | D:2      | Reached skill level 5 in Unarmed Combat
  1350 | D:2      | Reached XP level 4. HP: 38/38 MP: 3/3
  1464 | D:2      | Found a sacrificial altar of Ru.
  2040 | D:3      | Found a transporter.
  2091 | D:3      | Found Hintomif's Book Emporium.
  2212 | D:3      | Found a transporter.
  2418 | D:3      | Reached skill level 6 in Unarmed Combat
  2510 | D:3      | Reached XP level 5. HP: 45/45 MP: 4/4
  2629 | D:3      | HP: 1/45 [gnoll sergeant (6)]
  2641 | D:3      | Reached skill level 7 in Unarmed Combat
  3107 | D:4      | Reached XP level 6. HP: 48/51 MP: 5/5
  3272 | D:4      | Identified the +2 leather armour of Purpose {Contam +Inv
                  | rC+ Int+4}
  3350 | D:2      | Became a worshipper of Ru the Awakened
  3351 | D:2      | Quit the game

Illustrated notes

Levels and vault maps discovered:
D:1:      dpeg_arrival_subterranean_lakeside_camping, layout_loops_corners,
          serial_shops, shop
D:2:      layout_basic, basic_altar, dk_noncrumbling_4,
          minmay_misc_feat_four_crosses, grunt_ministairs_6
D:3:      gammafunk_steamed_eel, layout_basic, serial_shops, shop,
          minmay_randomly_rotated_circles
D:4:      minmay_octagon_keep, layout_loops_corners,
          gammafunk_temple_overflow_statue, grunt_ministairs_15

Skill      XL: |  1  2  3  4  5 |
---------------+----------------+-----
Unarmed Combat | 4 5 6 7 |  7.4
Fighting       | |  3.2
Dodging        | |  2.6
Stealth        | |  2.1

Action                   |  1- 3 |  4- 6 || total
-------------------------+-------+-------++-------
Melee: Unarmed           |   117 |   140 ||   257
       Punch             |     2 |     4 ||     6
  Use: Scroll            |     4 |     3 ||     7
       Potion            |     2 |     1 ||     3
 Stab: Sleeping          |     6 |       ||     6
Armor: Leather armour    |    24 |       ||    24
       Ring mail         |     4 |    29 ||    33
Dodge: Dodged            |    60 |    56 ||   116
Block: Other             |     8 |    27 ||    35
       Kite shield       |       |    15 ||    15

Table legend: (Time is in decaauts)
 A = Elapsed time spent in this place.
 B = Non-inter-level travel time spent in this place.
 C = Inter-level travel time spent in this place.
 D = Time resting spent in this place.
 E = Time spent auto-exploring this place.
 F = Levels seen in this place.
 G = Mean time per level.
                   A        B        C        D        E       F      G
               +--------+--------+--------+--------+--------+-----+--------+
         Total |   3336 |   3153 |    183 |      3 |   2428 |   4 |  834.0 |
       Dungeon |   3336 |   3153 |    183 |      3 |   2428 |   4 |  834.0 |
               +--------+--------+--------+--------+--------+-----+--------+

Top non-repeatable levels by time:
     D:3: 1174 daAuts
     D:1: 1109 daAuts
     D:2: 835 daAuts
     D:4: 216 daAuts
